 Seeded DCSS version 0.29.1-2-gbd0b4ee654 (webtiles) character file.

Game seed: 1 (custom seed)

221645 Kazon the Fencer (level 18, -19/169 HPs)
             Began as a Minotaur Berserker on Nov 23, 2022.
             Was a High Priest of Trog.
             Killed from afar by a deep elf zephyrmancer (40 damage)
             ... with a bolt of lightning
             ... on level 2 of the Elven Halls on Nov 24, 2022.
             The game lasted 03:38:56 (28956 turns).

Kazon the Fencer (Minotaur Berserker)              Turns: 28956, Time: 03:38:56

Health: -19/169    AC: 16    Str: 25    XL:     18   Next: 51%
Magic:  12/17      EV: 16    Int:  6    God:    Trog [*****.]
Gold:   3717       SH: 12    Dex: 17    Spells: 17/17 levels left

rFire   + + +      SeeInvis .   v - +6 demon blade (vamp)
rCold   + . .      Faith    .   c - +0 kite shield {reflect}
rNeg    + + +      Spirit   .   y - +1 scale mail {rN+}
rPois   +          Reflect  +   X - -1 hat "Xuffisus" {*Slow Fly Regen+ Dex+4}
rElec   .          Harm     .   N - scarf {rC+ rF+}
rCorr   .          Rampage  .   h - +2 pair of gloves {infuse}
Will    +++..                   q - +2 pair of boots {Fly}
Stlth   ++++......              V - amulet "Odemouw" {Contam rPois rF+++ Regen+ Stlth+}
HPRegen 2.98/turn               E - ring of positive energy
MPRegen 0.15/turn               Q - ring of positive energy

@: strong-willed, on berserk cooldown, flying, regenerating, slowed, studying
Evocations, very slow
A: horns 2, retaliatory headbutt
}: 1/15 runes: gossamer
a: Renounce Religion, Berserk, Trog's Hand, Brothers in Arms


You were on level 2 of the Elven Halls.
You worshipped Trog.
Trog was extremely pleased with you.
You visited 5 branches of the dungeon, and saw 28 of its levels.
You also visited: Gauntlet.

You collected 5095 gold pieces.
You spent 1378 gold pieces at shops.

Inventory:

Hand Weapons
 e - the +6 rapier of Righteous Fury {vorpal, Str+2 Dex+5}
   (Trog gifted it to you on level 2 of the Elven Halls)

   It inflicts extra damage upon your enemies.
   Str:       It affects your strength (+2).
   Dex:       It affects your dexterity (+5).
 f - the +2 Maxwell's thermic engine {flame, freeze}
   (You found it on level 1 of the Lair of Beasts)

   It burns those it strikes, dealing additional fire damage.
   Big, fiery blades are also staple armaments of hydra-hunters.
   It freezes those it strikes, dealing additional cold damage.
   It can also slow down cold-blooded creatures.
   It becomes more effective when it hits something.
   This effect fades over time.
 s - the +3 falchion of Winter {venom, rCorr}
   (You bought it in a shop on level 3 of the Dungeon)

   It poisons the flesh of those it strikes.
   rCorr:     It protects you from acid and corrosion.
 v - a +6 vampiric demon blade (weapon)
Missiles
 b - 6 curare-tipped darts
 n - 37 boomerangs (quivered)
 o - a throwing net
 G - 18 poisoned darts
 Y - 10 javelins
 Z - 5 datura-tipped darts
Armour
 c - a +0 kite shield of reflection (worn)
 h - a +2 pair of gloves of infusion (worn)
 q - a +2 pair of boots of flying (worn)
 y - a +1 scale mail of positive energy (worn)
 N - a scarf of resistance (worn)
 X - the -1 hat "Xuffisus" (worn) {*Slow Fly Regen+ Dex+4}
   (You acquired it on level 1 of the Spider Nest)

   Dex:       It affects your dexterity (+4).
   Fly:       It grants you flight.
   Regen:     It increases your rate of health regeneration.
   *Slow:     It may slow you when you take damage.
Jewellery
 w - a ring of see invisible
 E - a ring of positive energy (left hand)
 Q - a ring of positive energy (right hand)
 V - the amulet "Odemouw" (around neck) {Contam rPois rF+++ Regen+ Stlth+}
   (You bought it in a shop on level 8 of the Dungeon)

   [amulet of regeneration]

   rF:        It renders you almost immune to fire.
   rPois:     It protects you from poison.
   Contam:    It causes magical contamination when unequipped.
   Regen:     It increases your rate of health regeneration.
   Stlth:     It makes you more stealthy.
Wands
 a - a wand of paralysis (26)
 x - a wand of mindburst (34)
 z - a wand of flame (28)
 I - a wand of roots (21)
 O - a wand of polymorph (7)
Scrolls
 i - 4 scrolls of immolation
 k - a scroll of blinking
 m - 4 scrolls of fog
 r - 6 scrolls of teleportation
 u - 2 scrolls of magic mapping
 A - a scroll of enchant armour
 H - 4 scrolls of fear
 M - 2 scrolls of summoning
 P - 2 scrolls of silence
Potions
 g - 7 potions of curing
 j - 2 potions of mutation
 l - 6 potions of haste
 t - 10 potions of lignification
 B - 3 potions of cancellation
 D - 2 potions of resistance
 F - 4 potions of might
 S - 3 potions of heal wounds
 T - a potion of invisibility
 W - 6 potions of ambrosia
Miscellaneous
 d - a tin of tremorstones (2/2)
 p - a phantom mirror
 J - a condenser vane
 K - a lightning rod (4/4)
 R - a phial of floods


   Skills:
 + Level 17.0 Fighting
 + Level 2.5(11.1) Short Blades
 + Level 17.9(18.0) Long Blades
 + Level 8.3 Maces & Flails
 + Level 13.6 Throwing
 + Level 11.4 Armour
 + Level 12.1 Dodging
 + Level 8.2 Stealth
 + Level 11.4 Shields
 * Level 14.1 Evocations


You had 17 spell levels left.
You didn't know any spells.
Your spell library was empty.

Dungeon Overview and Level Annotations

Branches:
Dungeon (15/15)            Temple (0/1) D:7            Lair (5/5) D:10
 Shoals (0/4) Lair:3       Spider (4/4) Lair:3        Slime (0/5) Lair:4
    Orc (2/2) D:12            Elf (2/3) Orc:2        Vaults (0/5) D:13
 Depths (0/4) D:15        Gauntlet (visited)

Altars:
Elyvilon
Hepliaklqana
Kikubaaqudgha
Uskayaw
Jiyva

Shops:
D:3 (   D:8 ?(==   D:10 :   D:13 !   Orc:2 ([*=   Elf:2 [?!?

Annotations:
D:14 3 runed translucent doors, TheSexyCheese's ghost, journeyman MiFi
Orc:2 1 runed translucent door, warriortoast's ghost, journeyman SpEn
Elf:2 2 transporters, JacoesBerries's ghost, journeyman DECj


Innate Abilities, Weirdness & Mutations

You have a pair of horns on your head.
You reflexively headbutt those who attack you in melee.


Message History

Throw: 37 boomerangs
Press: ? - help, Q - select action, (/) - cycle Shift-Dir - straight line, f - +2 vorpal battleaxe
Aim: a +2 vorpal battleaxe (56% to hit)
You throw a boomerang.
The boomerang hits the +2 vorpal battleaxe.
The +2 vorpal battleaxe is lightly damaged.
Throw: 37 boomerangs
Press: ? - help, Q - select action, (/) - cycle Shift-Dir - straight line, f/p - +2 vorpal battleaxe
Aim: a +2 vorpal battleaxe (lightly damaged, 56% to hit)
You throw a boomerang.
The boomerang hits the +2 vorpal battleaxe.
The +2 vorpal battleaxe is moderately damaged.
You completely miss the +2 vorpal battleaxe.
The +2 vorpal battleaxe is moderately damaged.
The +2 vorpal battleaxe barely misses you.
You furiously retaliate!
You headbutt the +2 vorpal battleaxe!
You barely miss the +2 vorpal battleaxe.
The +2 vorpal battleaxe is heavily damaged.
The +2 vorpal battleaxe hits you.
You closely miss the +2 vorpal battleaxe.
The +2 vorpal battleaxe is heavily damaged.
The +2 vorpal battleaxe hits you!!
* * * LOW HITPOINT WARNING * * *
x2 The deep elf zephyrmancer casts a spell.
The deep elf zephyrmancer blinks!
The +2 vorpal battleaxe hits you!!
* * * LOW HITPOINT WARNING * * *
x2 You feel better.
The deep elf zephyrmancer casts a spell at you.
The bolt of lightning hits you!!
* * * LOW HITPOINT WARNING * * *
You block the +2 vorpal battleaxe's attack.
The deep elf zephyrmancer casts a spell at you.
The bolt of lightning misses you. The +2 vorpal battleaxe misses you.
You furiously retaliate!
You headbutt the +2 vorpal battleaxe.
The deep elf zephyrmancer shouts!
You feel much better.
You block the +2 vorpal battleaxe's attack.
The deep elf zephyrmancer points at you and mumbles some strange words.
The bolt of lightning hits you!!!
You die...

## ### ### ##.#
##.####.####
##...##...##...#.##
..................##
.........))........#
#...........#.....##
#.........###.....#
#.....@).## ##...##
#..e..(....###..)##
#...........#....##
.....)............##
...................#
..................##
......e..........##
.....ยง...........##
..........##


You could see 2 deep elf zephyrmancers and a +2 vorpal battleaxe.

Vanquished Creatures
  Mara (Spider:4)
  Nikola (Elf:2)
  Rupert (D:12)
  Donald (Orc:2)
  Roxanne (D:15)
  Agnes (Elf:1)
  6 emperor scorpions
  An azure jelly (Orc:2)
  3 ghost moths
  3 broodmothers
  A deep elf demonologist (Elf:1)
  Nessos (D:12)
  4 spark wasps
  Snorg (D:14)
  A minotaur (Gauntlet)
  A dire elephant (D:15)
  Azrael (D:13)
  3 entropy weavers
  A fire dragon (D:13)
  A great orb of eyes (D:15)
  3 boulder beetles
  4 hydras
  Erolcha (D:10)
  3 catoblepae
  A vault guard (D:13)
  6 centaur warriors
  A jorogumo (Spider:4)
  A death knight (D:14)
  3 two-headed ogres
  21 dancing weapons
  A tengu warrior (D:15)
  An orc high priest (Orc:2)
  7 death scarabs (Spider:4)
  10 death yaks
  Urug (Orc:1)
  2 spectral emperor scorpions (Spider:4)
  11 deep elf knights
  2 sixfirhies (Gauntlet)
  5 skeletal warriors
  13 pharaoh ants
  A fire crab (D:13)
  Lodul (D:12)
  8 steelbarb worms
  3 spriggan simulacra (D:14)
  7 orb spiders
  A wizard (D:14)
  8 deep elf archers
  7 spectral wolf spiders
  An orc knight (D:15)
  16 deep elf zephyrmancers
  4 orc sorcerers
  A broodmother zombie (Spider:4)
  8 wolf spider zombies
  22 wolf spiders
  4 cyclopes
  20 deep elf pyromancers
  24 ugly things
  5 manticores
  3 moths of wrath
  5 black mambas
  5 elephants (Lair:4)
  7 torpor snails
  10 cane toads
  Maggie (D:6)
  An unseen horror (D:13)
  4 rime drakes
  3 spectral redbacks (Spider:4)
  A yaktaur (shapeshifter) (Elf:1)
  3 freezing wraiths
  4 kobold demonologists (D:11)
  15 komodo dragons
  14 demonic crawlers
  A tengu conjurer (D:11)
  2 efreet
  3 redback zombies (Spider:4)
  5 trolls
  9 meliai (Spider:4)
  Prince Ribbit (D:9)
  A meliai (shapeshifter) (D:13)
  A queen bee (Spider:4)
  A spectral culicivora (Spider:4)
  2 spectral jumping spiders (Spider:4)
  A polar bear (Lair:4)
  21 tarantellas
  2 tarantella zombies (Spider:4)
  2 wolf spider simulacra (Spider:1)
  A jumping spider zombie (Spider:4)
  5 dream sheep (Lair:4)
  15 blink frogs
  5 slime creatures (D:15)
  A culicivora zombie (Spider:4)
  A snapping turtle (Lair:3)
  2 shadows
  30 jumping spiders
  2 vampires
  3 fire elementals
  63 yaks
  32 culicivoras
  2 wraiths (D:12)
  4 water elementals
  4 wyverns
  5 basilisks
  Eustachio (D:5)
  A human (shapeshifter) (Elf:1)
  48 redbacks
  2 steam dragons
  6 vampire mosquitoes
  3 minotaur simulacra (D:14)
  Menkaure (D:5)
  Edmund (D:6)
  2 wargs (Orc:1)
  An acid dragon (shapeshifter) (D:15)
  2 acid dragons
  15 water moccasins
  2 hell hounds (D:13)
  29 orc warriors
  An ice beast (D:8)
  5 sky beasts
  2 black bears (D:6)
  5 centaurs
  11 ogres
  A wolf (D:10)
  2 phantoms (D:6)
  3 kobold brigands
  An earth elemental (Elf:2)
  3 necrophages
  6 bullfrogs
  2 deep troll simulacra (D:14)
  A gnoll sergeant (D:7)
  10 scorpions
  20 wights
  19 killer bees
  3 electric eels
  A howler monkey (D:5)
  2 jellies (D:6)
  6 hounds
  21 orc priests
  2 gnoll boudas
  6 iguanas
  26 orc wizards
  4 hell rats
  Robin (D:3)
  18 gnolls
  13 adders
  3 shadow imps
  2 white imps (D:7)
  An ufetubus (D:5)
  4 worms
  82 orcs
  11 endoplasms
  3 giant cockroaches
  16 goblins
  9 hobgoblins
  A jackal (D:4)
  27 kobolds
  A quokka (D:1)
  5 ball pythons
  4 bats
  3 frilled lizards
  6 rats
1062 creatures vanquished.

Vanquished Creatures (collateral kills)
  Fannar (Lair:2)
  A boulder beetle (D:14)
  A catoblepas (Lair:5)
  A ghost crab (Gauntlet)
  A death scarab (Spider:4)
  A dancing weapon (Elf:2)
  2 orc high priests (Orc:2)
  A sixfirhy (Gauntlet)
  A deep elf pyromancer (Elf:2)
  2 orc sorcerers (Orc:2)
  3 orc knights (Orc:2)
  A cane toad (Lair:2)
  2 blink frogs (Lair:2)
  A jumping spider (Spider:4)
  A wyvern (D:9)
  A basilisk (D:14)
  2 redbacks (Spider:4)
  7 orc warriors (Orc:2)
  A wight (D:9)
  10 orc priests
  4 orc wizards
  13 orcs (Orc:2)
58 creatures vanquished.

Vanquished Creatures (others)
  An unseen horror (D:12)
  A komodo dragon (shapeshifter) (D:14)
  2 centaur simulacra (D:14)
  An air elemental (Elf:2)
  An orc wizard (Orc:2)
  A quokka (D:7)
  20 fungi
  34 plants
61 creatures vanquished.

Grand Total: 1181 creatures vanquished

Notes
Turn   | Place    | Note
-------+----------+-------------------------------------------
     0 | D:1      | Kazon the Minotaur Berserker began the quest for the Orb.
     0 | D:1      | Reached XP level 1. HP: 19/19 MP: 0/0
    34 | D:1      | Identified a scroll of acquirement
    34 | D:1      | Acquired the +2 pair of boots of Impressiveness {rPois rF++
                  | rCorr Dex-4}
   227 | D:1      | Reached XP level 2. HP: 27/27 MP: 1/1
   967 | D:2      | Reached ** piety under Trog
   968 | D:2      | Reached XP level 3. HP: 27/33 MP: 2/2
  1214 | D:2      | Reached skill level 1 in Short Blades
  1235 | D:2      | Reached XP level 4. HP: 18/40 MP: 3/3
  1646 | D:3      | Found Umat's Antique Weapon Boutique.
  1673 | D:3      | Bought a crude falchion for 184 gold pieces
  1673 | D:3      | Identified the +3 falchion of Winter {venom, rCorr} (You
                  | bought it in a shop on level 3 of the Dungeon)
  1863 | D:3      | Reached skill level 1 in Throwing
  2019 | D:3      | Reached XP level 5. HP: 39/47 MP: 4/4
  2023 | D:3      | Noticed Robin
  2045 | D:3      | Killed Robin
  2046 | D:3      | Reached skill level 5 in Long Blades
  2202 | D:3      | Reached XP level 6. HP: 60/60 MP: 5/5
  2476 | D:4      | Reached *** piety under Trog
  2692 | D:4      | Reached XP level 7. HP: 51/67 MP: 6/6
  2906 | D:4      | Found a hazy altar of Hepliaklqana.
  2997 | D:4      | Reached skill level 5 in Throwing
  3216 | D:5      | Entered Level 5 of the Dungeon
  3242 | D:5      | Noticed Eustachio
  3261 | D:5      | Killed Eustachio
  3295 | D:5      | Reached skill level 1 in Evocations
  3323 | D:5      | Reached XP level 8. HP: 61/74 MP: 7/7
  3759 | D:5      | Noticed Menkaure
  3769 | D:5      | Killed Menkaure
  4218 | D:6      | Reached **** piety under Trog
  4453 | D:6      | Reached XP level 9. HP: 82/82 MP: 8/8
  4668 | D:6      | Reached skill level 1 in Shields
  4776 | D:6      | Noticed Maggie
  4793 | D:6      | Killed Maggie
  4794 | D:6      | Reached skill level 10 in Long Blades
  4905 | D:6      | Noticed Edmund
  4914 | D:6      | Killed Edmund
  5162 | D:7      | Found a white marble altar of Elyvilon.
  5211 | D:7      | Reached XP level 10. HP: 63/91 MP: 9/9
  5300 | D:7      | Reached ***** piety under Trog
  5581 | D:7      | Found a staircase to the Ecumenical Temple.
  5625 | D:7      | Reached skill level 1 in Maces & Flails
  5627 | D:7      | Received a gift from Trog
  5649 | D:7      | Found a hide-covered altar of Uskayaw.
  6023 | D:8      | Found Quzidd's Magic Scroll Emporium.
  6040 | D:8      | Bought a scroll of teleportation for 42 gold pieces
  6127 | D:8      | Found Esumer's Weapon Shop.
  6360 | D:8      | Found Heidghoki's Jewellery Shop.
  6614 | D:8      | Found Zoxtaeshakh's Jewellery Boutique.
  6706 | D:9      | Noticed Prince Ribbit
  6731 | D:9      | Killed Prince Ribbit
  7093 | D:9      | Noticed a two-headed ogre
  7116 | D:9      | Killed a two-headed ogre
  7351 | D:10     | Entered Level 10 of the Dungeon
  7400 | D:10     | Reached skill level 5 in Stealth
  7444 | D:10     | Found a staircase to the Lair.
  7461 | D:10     | Reached XP level 11. HP: 56/99 MP: 10/10
  7626 | D:10     | Noticed Erolcha
  7632 | D:10     | Killed Erolcha
  7633 | D:10     | Reached skill level 5 in Maces & Flails
  7671 | D:10     | Found Juagoaq's Book Shoppe.
  8788 | Lair:1   | Entered Level 1 of the Lair of Beasts
  8799 | D:10     | Reached skill level 10 in Fighting
  8799 | D:10     | Reached skill level 5 in Evocations
  9038 | Lair:1   | Found the +2 Maxwell's thermic engine {flame, freeze}
  9134 | D:10     | Identified the +5 long sword of the Land of Plenty {drain,
                  | Dex+3}
  9194 | D:11     | Noticed a green ugly thing
  9199 | D:11     | Killed a green ugly thing
 10052 | Lair:1   | Reached XP level 12. HP: 101/108 MP: 11/11
 10967 | Lair:2   | Noticed a catoblepas
 10979 | Lair:2   | Noticed Fannar
 11001 | Lair:2   | Killed a catoblepas
 11016 | Lair:2   | Killed Fannar
 11351 | D:8      | Bought the amulet "Odemouw" {Contam rPois rF+++ Regen+
                  | Stlth+} for 734 gold pieces
 11717 | D:12     | Noticed Nessos
 11727 | D:12     | Killed Nessos
 11809 | D:12     | Found a staircase to the Orcish Mines.
 11984 | D:12     | Noticed a two-headed ogre
 11992 | D:12     | Killed a two-headed ogre
 12011 | D:12     | Noticed Rupert
 12016 | D:12     | Killed Rupert
 12162 | D:12     | Noticed Lodul
 12168 | D:12     | Killed Lodul
 12169 | D:12     | Reached XP level 13. HP: 102/117 MP: 12/12
 12872 | Lair:3   | Found a staircase to the Shoals.
 13134 | Lair:3   | Found an ancient bone altar of Kikubaaqudgha.
 13241 | Lair:3   | Found a hole to the Spider Nest.
 13536 | Spider:1 | Entered Level 1 of the Spider Nest
 14042 | Spider:1 | Acquired the -1 hat "Xuffisus" {*Slow Fly Regen+ Dex+4}
 14464 | Lair:4   | Found a staircase to the Slime Pits.
 14501 | Lair:4   | You are sucked into a shaft and drop 1 floor!
 14501 | Lair:5   | Entered Level 5 of the Lair of Beasts
 14574 | Lair:5   | Reached skill level 5 in Shields
 14581 | Lair:5   | Reached XP level 14. HP: 127/127 MP: 13/13
 14681 | Lair:4   | Found a viscous altar of Jiyva.
 14958 | Lair:4   | Identified the +3 battleaxe "Adididghufym" {antimagic, rF+
                  | Will+}
 15598 | Lair:5   | Reached skill level 10 in Dodging
 16005 | Lair:5   | Reached skill level 15 in Long Blades
 16420 | D:13     | Noticed Azrael
 16458 | D:13     | Killed Azrael
 16568 | D:13     | Found Ituota Roil's Distillery.
 16718 | D:13     | Reached ****** piety under Trog
 16876 | D:13     | Received a gift from Trog
 17159 | D:13     | Found a gate to the Vaults.
 17313 | D:14     | Found a runed translucent gate.
 17314 | D:14     | Found a runed translucent gate.
 17315 | D:14     | Found a runed translucent gate.
 17316 | D:14     | Noticed TheSexyCheese's ghost (journeyman MiFi)
 17349 | D:14     | Reached XP level 15. HP: 57/137 MP: 14/14
 17561 | D:14     | Reached skill level 10 in Throwing
 17718 | D:14     | Noticed Snorg
 17735 | D:14     | Killed Snorg
 17738 | D:14     | Reached skill level 10 in Evocations
 17795 | D:14     | Found a frozen archway.
 17847 | D:14     | Identified the +6 scale mail "Voetobuo" {Int-3 Dex+8}
 18182 | D:15     | Entered Level 15 of the Dungeon
 18421 | D:15     | Found a staircase to the Depths.
 18425 | D:15     | Paralysed by a great orb of eyes for 5 turns
 18446 | D:15     | Received a gift from Trog
 18944 | D:15     | Identified Roxanne's Parchment of Spelunking
 18944 | D:15     | Noticed Roxanne
 18979 | D:15     | Killed Roxanne
 19541 | Spider:1 | Noticed an emperor scorpion
 19547 | Spider:1 | Killed an emperor scorpion
 19732 | Spider:1 | Reached XP level 16. HP: 147/147 MP: 15/15
 20686 | Spider:2 | Received a gift from Trog
 20878 | Spider:2 | Reached skill level 15 in Fighting
 22211 | Spider:4 | Entered Level 4 of the Spider Nest
 22257 | Spider:4 | Noticed Mara
 22269 | Spider:3 | Reached skill level 10 in Armour
 22397 | Spider:4 | HP: 1/149 [redback (11)]
 22617 | Spider:4 | Received a gift from Trog
 23111 | Spider:4 | Noticed Kazon's illusion
 23135 | Spider:4 | Killed Mara
 23136 | Spider:4 | Reached XP level 17. HP: 142/157 MP: 16/16
 23719 | Spider:4 | Paralysed by a jorogumo for 1 turns
 23764 | Spider:4 | Received a gift from Trog
 23849 | Spider:4 | Got a gossamer rune of Zot
 24169 | Orc:1    | Entered Level 1 of the Orcish Mines
 24185 | Orc:1    | Noticed Urug
 24198 | Orc:1    | Killed Urug
 24723 | Orc:2    | Entered Level 2 of the Orcish Mines
 24723 | Orc:2    | Found a staircase to the Elven Halls.
 24776 | Orc:2    | Received a gift from Trog
 24837 | Orc:2    | Noticed Donald
 24846 | Orc:2    | Killed Donald
 24847 | Orc:2    | Reached skill level 10 in Shields
 24893 | Orc:2    | Found a gate leading to a gauntlet.
 24919 | Gauntlet | Entered a Gauntlet
 24919 | Gauntlet | Found a transporter.
 24922 | Gauntlet | Found a runed translucent door.
 24922 | Gauntlet | Found a transporter.
 24925 | Gauntlet | Found a transporter.
 24927 | Gauntlet | Found a transporter.
 24932 | Gauntlet | Found a runed translucent door.
 24937 | Gauntlet | Found a transporter.
 24937 | Gauntlet | Found a transporter.
 24938 | Gauntlet | Found a transporter.
 24938 | Gauntlet | Found the +12 glaive of Prune {vorpal}
 24939 | Gauntlet | Found a transporter.
 24969 | Gauntlet | Found a runed translucent door.
 24980 | Gauntlet | Found a transporter.
 24997 | Gauntlet | Found a transporter.
 25001 | Gauntlet | Found a transporter.
 25014 | Gauntlet | Found a transporter.
 25037 | Gauntlet | Identified the ring "Rutul" {Wiz rF+ Int+5}
 25056 | Gauntlet | Identified the amulet of Otuet {Acrobat Str+6}
 25549 | Orc:2    | Noticed warriortoast's ghost (journeyman SpEn)
 25574 | Orc:2    | Found a runed translucent door.
 25705 | Orc:2    | Paralysed by an orc sorcerer for 4 turns
 25717 | Orc:2    | Received a gift from Trog
 26129 | D:8      | Bought a scroll of teleportation for 42 gold pieces
 26377 | Orc:2    | Found Leshref's General Store.
 26377 | Orc:2    | Found Geemeife's Jewellery Shoppe.
 26409 | Orc:2    | Found Pisuawn's Antique Armour Emporium.
 26409 | Orc:2    | Found Luduu's Antique Weapon Emporium.
 26415 | Orc:2    | Bought a potion of heal wounds for 60 gold pieces
 26415 | Orc:2    | Bought a scroll of fear for 48 gold pieces
 26415 | Orc:2    | Bought a potion of curing for 36 gold pieces
 26439 | Orc:2    | Bought a pair of glowing boots for 172 gold pieces
 26854 | Elf:1    | Entered Level 1 of the Elven Halls
 26939 | Elf:1    | Noticed Agnes
 26947 | Elf:1    | Killed Agnes
 27132 | Elf:1    | Reached XP level 18. HP: 167/168 MP: 12/17
 27206 | Elf:1    | Received a gift from Trog
 27833 | Elf:2    | Found Hiosedoa's Distillery.
 27833 | Elf:2    | Found Zoshugie's Magic Scroll Shoppe.
 27834 | Elf:2    | Found Uddis's Antique Armour Shoppe.
 27839 | Elf:2    | Found Wuev's Magic Scroll Emporium.
 27852 | Elf:2    | Bought a scroll of teleportation for 60 gold pieces
 27938 | Elf:1    | Found an ancient bone altar of Kikubaaqudgha.
 27958 | Elf:2    | Found a transporter.
 27976 | Elf:2    | Noticed JacoesBerries's ghost (journeyman DECj)
 28001 | Elf:2    | Found a transporter.
 28190 | Elf:2    | Found a huge runed translucent gate.
 28190 | Elf:2    | Found a huge runed translucent gate.
 28214 | Elf:2    | Found a huge runed translucent gate.
 28214 | Elf:2    | Found a huge runed translucent gate.
 28215 | Elf:2    | Found a huge runed translucent gate.
 28646 | Elf:2    | Identified the +6 rapier of Righteous Fury {vorpal, Str+2
                  | Dex+5} (Trog gifted it to you on level 2 of the Elven
                  | Halls)
 28646 | Elf:2    | Received a gift from Trog
 28678 | Elf:2    | Noticed Nikola
 28705 | Elf:2    | Killed Nikola
 28955 | Elf:2    | HP: 1/169 [deep elf zephyrmancer/bolt of lightning (29)]
 28956 | Elf:2    | Killed from afar by a deep elf zephyrmancer

Illustrated notes

Levels and vault maps discovered:
D:1:      dpeg_arrival_three_smaller_balls, layout_basic
D:2:      layout_loops_ring
D:3:      layout_basic, serial_shops, nicolae_shop_stone, st_stairs_9,
          minmay_misc_feat_doors, eino_curves_03, uniq_robin
D:4:      minmay_wonky_spiral, layout_basic,
          mainiacjoe_overflow_surrounded_room, minivault_5
D:5:      layout_cave_pods, uniq_menkaure, uniq_eustachio
D:6:      cheibrodos_barr_body, layout_basic, minmay_crystal_room,
          minmay_pentangle, uniq_maggie, uniq_edmund
D:7:      layout_cave_pools, nicolae_uskayaw_murder_on_the_dancefloor,
          elyvilon_altar_4, minmay_temple_entry_purple_smoke
D:8:      layout_basic, serial_shops, shop_statue, kennysheep_little_box, shop,
          nicolae_shop_window_shopping
D:9:      layout_cave_pools, uniq_prince_ribbit1
D:10:     layout_stronghold, erik_lair_island, serial_shops,
          nicolae_shop_statue_plus, uniq_erolcha
D:11:     layout_roguey
D:12:     layout_loops_ring, orc_0_dummy, chequers_serial_rivers_marsh,
          uniq_lodul, uniq_nessos, uniq_rupert
D:13:     layout_gridville, david_vaults_5, serial_shops,
          nicolae_shop_behind_doors, minmay_fractal_squares_gapless_5,
          uniq_azrael
D:14:     layout_roguey, minmay_misc_feat_secret_circle, gammafunk_ghost_split,
          portal_ice_cave_entry_ice_simulacra, uniq_snorg
D:15:     hangedman_depths_entry_try_elsewhere_first, layout_loops_corners,
          uniq_roxanne
Lair:1:   layout_long_grid, fungi_pond_lemuel, cheibrodos_lair_reptile_den
Lair:2:   layout_gridlike, uniq_fannar
Lair:3:   layout_roguey, minmay_shoals_entry_hut,
          nicolae_spider_entry_non_spiders, basic_altar, serial_bayou_crossing
Lair:4:   layout_gridlike, slime_entry_1, serial_rivers,
          chequers_serial_rivers_room_a, chequers_serial_rivers_micro_c,
          chequers_serial_rivers_room_a, chequers_serial_rivers_micro_e,
          minivault_27, grunt_megastairs_3, infiniplex_staircase_pool_2
Lair:5:   evilmike_catoblepas_cave, layout_long_grid
Spider:1: layout_chambers, nicolae_spider_undead_wolf_pack
Spider:2: layout_cave_pods
Spider:3: layout_spider_delve
Spider:4: floodkiller_spider_rune_tomb, special_room [special_room_bee],
          uniq_mara
Orc:1:    layout_caves, basic_altar, uniq_urug
Orc:2:    st_orc_congregation, layout_caves, gauntlet_entry_generic,
          hellmonk_ghost_happy_afterlife, uniq_donald
Elf:1:    layout_gridlike, minmay_elf_demonology, lemuel_upstairs_altar,
          uniq_agnes
Elf:2:    elven_hall_of_blades_hangedman_alternative
          [nicolae_blade_entry_diamond_columns], layout_geoelf_diagonals,
          gammafunk_ghost_arena, minmay_shoptagon, uniq_nikola

Skill      XL: |  1  2  3  4  5  6  7  8  9 10 11 12 13 14 15 16 17 18 |
---------------+-------------------------------------------------------+-----
Long Blades    | 4 7 8 9 10 11 13 14 15 16 17 | 17.9
Fighting       | 4 7 8 9 10 11 12 13 14 15 16 17 | 17.0
Armour         | 3 6 7 8 9 10 11 | 11.4
Short Blades   | 1 2 |  2.5
Throwing       | 1 4 5 6 7 8 9 10 12 13 | 13.6
Dodging        | 6 7 8 9 10 11 12 | 12.1
Stealth        | 4 5 6 7 8 |  8.2
Evocations     | 1 2 3 4 5 7 8 9 11 12 13 14 | 14.1
Shields        | 1 2 4 5 6 7 9 10 11 | 11.4
Maces & Flails | 4 6 7 8 |  8.3

Action                   |  1- 3 |  4- 6 |  7- 9 | 10-12 | 13-15 | 16-18 || total
-------------------------+-------+-------+-------+-------+-------+-------++-------
Melee: Falchion          |    70 |    69 |   262 |   175 |   167 |   187 ||   930
       Headbutt          |    11 |     8 |    67 |   116 |   264 |   267 ||   733
       Dagger            |    20 |     6 |     3 |    15 |    26 |    19 ||    89
       Punch             |     1 |     1 |       |       |       |       ||     2
       Long sword        |       |       |    15 |       |       |       ||    15
       Flail             |       |       |       |   113 |       |       ||   113
       Mace              |       |       |       |    86 |    38 |       ||   124
       Double sword      |       |       |       |   185 |   568 |   724 ||  1477
       Eveningstar       |       |       |       |       |    96 |       ||    96
       Demon blade       |       |       |       |       |       |    96 ||    96
       Rapier            |       |       |       |       |       |     2 ||     2
Throw: Stone             |     1 |    16 |    19 |    85 |       |     4 ||   125
       Dart              |       |       |     8 |    13 |   109 |   245 ||   375
       Boomerang         |       |       |       |    16 |   166 |   173 ||   355
Invok: Berserk           |       |     1 |     2 |    12 |     3 |    12 ||    30
       Trog's Hand       |       |     1 |       |     7 |     1 |     4 ||    13
       Brothers in Arms  |       |       |       |     3 |     2 |     7 ||    12
Evoke: Condenser vane    |       |       |       |       |     1 |     1 ||     2
       Lightning rod     |       |       |       |       |     8 |     2 ||    10
       Wand              |       |       |       |       |    31 |    19 ||    50
       Phantom mirror    |       |       |       |       |       |     2 ||     2
  Use: Scroll            |     1 |     1 |     4 |    10 |     9 |    17 ||    42
       Potion            |       |     1 |     3 |     3 |     1 |     5 ||    13
 Stab: Sleeping          |       |     1 |     4 |     7 |    16 |    12 ||    40
       Distracted        |       |       |       |     1 |     2 |     6 ||     9
       Paralysed         |       |       |       |       |     3 |    10 ||    13
Armor: Animal skin       |    20 |    19 |    10 |       |       |       ||    49
       Leather armour    |       |       |    68 |   159 |       |       ||   227
       Scale mail        |       |       |       |     1 |   215 |   306 ||   522
Dodge: Dodged            |    58 |    53 |   161 |   328 |   391 |   621 ||  1612
Block: Buckler           |       |       |    23 |    89 |   251 |   327 ||   690
       Kite shield       |       |       |       |       |       |   157 ||   157
       Reflection        |       |       |       |       |       |    36 ||    36
